 Dungeon Crawl Stone Soup version 0.28-a0-862-g58c29a6370 (webtiles) character file.

Game seed: 2093328578982233841

1393 Ijustatesigmund the Fighter (level 8, 0/54 HPs)
             Began as a Gargoyle Fighter on Nov 16, 2021.
             Slain by Grinder (5 damage)
             ... on level 6 of the Dungeon.
             The game lasted 00:11:31 (7361 turns).

Ijustatesigmund the Fighter (Gargoyle Fighter)      Turns: 7361, Time: 00:11:31

Health: 0/54       AC: 17    Str: 17 (20) XL:     8   Next: 68%
Magic:  8/8        EV:  7    Int:  8 (10) God:
Gold:   250        SH:  4    Dex:  9 (10) Spells: 7/7 levels left

rFire   + . .      SeeInvis .   a - +0 flail (elec)
rCold   + . .      Faith    .   c - +0 buckler
rNeg    + . .      Spirit   .   b - +0 chain mail
rPois   ∞          Reflect  .   h - +2 hat
rElec   +          Harm     .   (no cloak)
rCorr   +          Rampage  .   (no gloves)
Will    +....                   (no boots)
Stlth   ..........              (no amulet)
HPRegen 0.18/turn               n - ring of willpower
MPRegen 0.11/turn               (no ring)

@: resistant, attractive
A: sickness immunity, AC +5, negative energy resistance 1, electricity
resistance, torment resistance 1, petrification resistance
a: no special abilities


You were on level 6 of the Dungeon.
You visited 1 branch of the dungeon, and saw 6 of its levels.

You collected 250 gold pieces.

Inventory:

Hand Weapons
 a - a +0 flail of electrocution (weapon)
Missiles
 g - 43 poisoned darts (quivered)
 l - a curare-tipped dart
 o - a throwing net
Armour
 b - a +0 chain mail (worn)
 c - a +0 buckler (worn)
 h - a +2 hat (worn)
Jewellery
 n - a ring of willpower (left hand)
Scrolls
 e - 2 scrolls of amnesia
 j - a scroll of fog
 m - a scroll of silence
Potions
 f - 2 potions of brilliance


   Skills:
 + Level 8.2 Fighting
 + Level 7.1 Maces & Flails
 + Level 5.2 Armour
 - Level 3.2 Shields


You had 7 spell levels left.
You didn't know any spells.
Your spell library contained the following spells:

 Spells                   Type           Power      Damage    Failure   Level
 Slow                     Hex            0%         N/A       99%         1
 Passwall                 Tmut/Erth      0%         N/A       100%        2
 Confusing Touch          Hex            0%         N/A       100%        3
 Swiftness                Air            0%         N/A       100%        3
 Vampiric Draining        Necr           0%         2d6       100%        3


Dungeon Overview and Level Annotations

Branches:
Dungeon (6/15)             Temple (0/1) D:4

Altars:
Elyvilon

Shops:
D:5 *   D:6 (

Annotations:
D:6 Grinder


Innate Abilities, Weirdness & Mutations

You are immune to sickness and miasma.
Your stone body is resilient. (AC +5)
You are immune to poison.
You resist negative energy. (rN+)
You are resistant to electric shocks. (rElec)
You are resistant to unholy torment.
You are immune to petrification.


Message History

The centaur kicks you but does no damage.
Grinder says, "You look like you could use a good racking."
Grinder blinks!
You block the centaur's attack. x2
The centaur shoots an arrow.
The arrow hits you but does no damage.
It was a potion of attraction.
You feel attractive to monsters.
The centaur shoots an arrow.
The arrow barely misses you.
You block the centaur's attack. x2; The sky beast flickers out of sight!
Deactivating autopickup; reactivate with Ctrl-A.
Grinder is attracted toward you. The centaur is attracted toward you.
You thump the centaur!
You kill the centaur!
The centaur shoots an arrow.
Something hits you but does no damage. Grinder hits you but does no damage.
You thump Grinder!
Grinder is lightly wounded.
The centaur shoots an arrow.
Something hits you.
* * * LOW HITPOINT WARNING * * *
Something shocks you. You resist.
* * * LOW HITPOINT WARNING * * *
You block Grinder's attack.
The centaur shoots an arrow.
You hit Grinder.
Grinder is moderately wounded.
Something hits you but does no damage. Grinder hits you.
* * * LOW HITPOINT WARNING * * *
The centaur shoots an arrow.
Reactivating autopickup.
The centaur is attracted toward you.
You sock Grinder!
Grinder is heavily wounded.
The centaur unwields a +0 shortbow.
The centaur hits you.
* * * LOW HITPOINT WARNING * * *
The centaur kicks you but does no damage.
Grinder barely misses you.
The centaur hits you but does no damage.
The centaur kicks you but does no damage.
You barely miss Grinder.
Grinder is heavily wounded.
Grinder hits you.
You die...

#.#..##.##.............
................(......
......................)
..............##∩##....#
.#...#..####.#...#.....
.............#.(.#.....
..##..#..####.#...#.....
......#..######...# ...
..!....@5.....#..(# ..
..##..c).######((.# .#
#.§...# ##### # #.....#
# #.....# [......
.#.....# ..#......


You could see Grinder and a centaur.

Vanquished Creatures
  A water moccasin (D:4)
  Duvessa (D:5)
  A black bear (D:4)
  An ogre (D:5)
  A centaur (D:6)
  A kobold brigand (D:3)
  A bullfrog (D:6)
  Dowan (D:5)
  A vampire bat (D:5)
  A bullfrog zombie (D:5)
  2 centaur skeletons (D:5)
  A bullfrog skeleton (D:5)
  2 orc priests
  A jelly (D:5)
  A gnoll shaman (D:6)
  2 orc wizards
  Natasha (thrice) (D:2)
  A hound skeleton (D:4)
  A howler monkey zombie (D:5)
  8 gnolls
  9 adders
  An ufetubus (D:5)
  A worm (D:4)
  3 fire bats (D:5)
  16 orcs
  2 spectral bats (D:5)
  3 bat skeletons (D:5)
  A bat zombie (D:5)
  5 endoplasms
  2 giant cockroaches
  2 goblins
  8 hobgoblins
  3 training dummies (D:6)
  3 ball pythons
  12 bats
  A bat simulacrum (D:5)
  4 frilled lizards
  6 kobolds
  4 rats
118 creatures vanquished.

Vanquished Creatures (others)
  A sky beast (D:6)
  2 plants (D:6)
3 creatures vanquished.

Grand Total: 121 creatures vanquished

Notes
Turn   | Place    | Note
-------+----------+-------------------------------------------
     0 | D:1      | Ijustatesigmund the Gargoyle Fighter began the quest for
                  | the Orb.
     0 | D:1      | Reached XP level 1. HP: 14/14 MP: 1/1
    24 | D:1      | Found a faded altar of an unknown god.
   213 | D:1      | Reached XP level 2. HP: 15/20 MP: 2/2
   630 | D:1      | Reached skill level 4 in Fighting
   630 | D:1      | Reached XP level 3. HP: 8/24 MP: 3/3
   854 | D:2      | Reached XP level 4. HP: 24/30 MP: 4/4
  1145 | D:2      | Noticed Natasha
  1153 | D:2      | Killed Natasha
  1183 | D:2      | Noticed Natasha
  1190 | D:2      | Killed Natasha
  1191 | D:2      | Reached XP level 5. HP: 34/34 MP: 5/5
  1348 | D:2      | Noticed Natasha
  1358 | D:2      | Killed Natasha
  1359 | D:2      | Reached skill level 5 in Fighting
  3902 | D:4      | Noticed a water moccasin
  4049 | D:4      | Noticed a kobold brigand
  4049 | D:4      | Found a staircase to the Ecumenical Temple.
  4063 | D:3      | Killed a kobold brigand
  4064 | D:3      | Reached XP level 6. HP: 14/41 MP: 6/6
  4565 | D:4      | Reached skill level 6 in Fighting
  4875 | D:4      | Reached skill level 5 in Maces & Flails
  4884 | D:4      | Killed a water moccasin
  4885 | D:4      | Reached XP level 7. HP: 7/47 MP: 7/7
  5473 | D:5      | Entered Level 5 of the Dungeon
  5580 | D:5      | Reached skill level 7 in Fighting
  6089 | D:5      | Found Hapresof's Elemental Accessories.
  6314 | D:5      | Noticed Dowan
  6314 | D:5      | Noticed Duvessa
  6435 | D:5      | Killed Dowan
  6436 | D:5      | Reached XP level 8. HP: 53/53 MP: 8/8
  6619 | D:5      | Killed Duvessa
  7119 | D:6      | Reached skill level 8 in Fighting
  7203 | D:6      | Found a white marble altar of Elyvilon.
  7247 | D:6      | Reached skill level 5 in Armour
  7304 | D:6      | Found Iruf's Firing Range.
  7344 | D:6      | Noticed Grinder
  7344 | D:6      | Paralysed by Grinder for 7 turns
  7361 | D:6      | Slain by Grinder

Illustrated notes

Levels and vault maps discovered:
D:1:      erik_arrival_blinker_ship, layout_rooms,
          shapermc_ecumenical_altar_starsandcircs
D:2:      layout_basic, chequers_jeans, uniq_natasha
D:3:      layout_basic
D:4:      layout_rooms, minmay_temple_entry_statues_pillars
D:5:      layout_basic, nicolae_elemental_shop, goddamned_bats, uniq_duvessa
D:6:      layout_basic, old_standard_altar, serial_bayou, serial_bayou_shore_a,
          serial_bayou_pond_b, serial_bayou_shore_b, serial_bayou_ford_a,
          nicolae_shop_firing_range, uniq_grinder, uniq_maggie,
          uniq_prince_ribbit1

Skill      XL: |  1  2  3  4  5  6  7  8 |
---------------+-------------------------+-----
Fighting       | 4 5 6 7 8 |  8.2
Maces & Flails | 3 4 5 6 7 |  7.1
Armour         | 5 |  5.2
Shields        | |  3.2

Action                   |  1- 3 |  4- 6 |  7- 9 || total
-------------------------+-------+-------+-------++-------
Melee: Flail             |    57 |   192 |   198 ||   447
Throw: Dart              |       |     6 |    18 ||    24
  Use: Scroll            |       |     8 |     2 ||    10
       Potion            |       |     3 |     4 ||     7
Armor: Scale mail        |    19 |    10 |       ||    29
       Chain mail        |       |   119 |   219 ||   338
       Skin              |       |    41 |     5 ||    46
Dodge: Dodged            |    31 |    74 |    92 ||   197
Block: Buckler           |     9 |    50 |    73 ||   132

Table legend: (Time is in decaauts)
 A = Elapsed time spent in this place.
 B = Non-inter-level travel time spent in this place.
 C = Inter-level travel time spent in this place.
 D = Time resting spent in this place.
 E = Time spent auto-exploring this place.
 F = Levels seen in this place.
 G = Mean time per level.
                   A        B        C        D        E       F      G
               +--------+--------+--------+--------+--------+-----+--------+
         Total |   7432 |   6918 |    514 |   1585 |   3384 |   6 | 1238.7 |
       Dungeon |   7432 |   6918 |    514 |   1585 |   3384 |   6 | 1238.7 |
               +--------+--------+--------+--------+--------+-----+--------+

Top non-repeatable levels by time:
     D:2: 2085 daAuts
     D:3: 1832 daAuts
     D:5: 1522 daAuts
     D:1: 866 daAuts
     D:4: 798 daAuts
     D:6: 327 daAuts
